 Dungeon Crawl Stone Soup version 0.28-a0-852-gbbce81c95b (webtiles) character file.

Game seed: 9607223837430605785

78 BinkBink the Digger (level 4, 0/30 HPs)
             Began as a Human Earth Elementalist on Nov 14, 2021.
             Slain by an adder (3 damage)
             ... on level 2 of the Dungeon.
             The game lasted 00:05:54 (2020 turns).

BinkBink the Digger (Human Earth Elementalist)      Turns: 2020, Time: 00:05:54

Health: 0/30       AC:  2    Str:  8    XL:     4   Next: 61%
Magic:  8/8        EV: 12    Int: 17    God:
Gold:   69         SH:  0    Dex: 13    Spells: 5/9 levels left

rFire   . . .      SeeInvis .   j - staff of air
rCold   . . .      Faith    .   (no shield)
rNeg    . . .      Spirit   .   b - +0 robe
rPois   .          Reflect  .   (no helmet)
rElec   +          Harm     .   (no cloak)
rCorr   .          Rampage  .   (no gloves)
Will    +....                   (no boots)
Stlth   +.........              (no amulet)
HPRegen 0.10/turn               g - ring of willpower
MPRegen 0.11/turn               (no ring)

@: lethally poisoned (0 -> -4), silenced
A: no striking features
a: no special abilities


You were on level 2 of the Dungeon.
You visited 1 branch of the dungeon, and saw 2 of its levels.

You collected 121 gold pieces.
You spent 52 gold pieces at shops.

Inventory:

Missiles
 c - 21 sling bullets
 d - a stone
Armour
 b - a +0 robe (worn)
Magical Staves
 j - a staff of air (weapon)
Jewellery
 g - a ring of willpower (left hand)
Scrolls
 a - a scroll of teleportation {unknown}
 h - 2 scrolls of identify


   Skills:
 - Level 2.0 Dodging
 - Level 2.0 Stealth
 + Level 3.0 Spellcasting
 + Level 1.0 Transmutations
 + Level 4.3 Earth Magic


You had 5 spell levels left.
You knew the following spells:

 Your Spells              Type           Power      Damage    Failure   Level
a - Sandblast             Erth           34%        2d9       3%          1
b - Stone Arrow           Conj/Erth      20%        3d8       22%         3

Your spell library contained the following spells:

 Spells                   Type           Power      Damage    Failure   Level
 Passwall                 Tmut/Erth      9%         N/A       9%          2
 Petrify                  Tmut/Erth      11%        N/A       50%         4


Dungeon Overview and Level Annotations

Branches:
Dungeon (2/15)

Altars:

Shops:
D:1 ?


Message History

The hobgoblin barely misses you.
You barely miss the hobgoblin.
The hobgoblin is severely wounded.
The hobgoblin hits you. The hobgoblin barely misses you.
The adder hisses angrily.
You hit the hobgoblin.
You kill the hobgoblin!
The adder barely misses you.
You barely miss the adder. The adder misses you.
You closely miss the adder. The adder bites you. The adder closely misses you.
You closely miss the adder. The adder bites you.
You hit the adder.
The adder is moderately wounded.
The adder closely misses you. The adder bites you.
You are poisoned.
The adder poisons you!
You closely miss the adder.
The adder is moderately wounded.
You feel sick. The adder bites you.
You are lethally poisoned!
The adder poisons you!
You miss the adder.
The adder is moderately wounded.
* * * LOW HITPOINT WARNING * * *
You feel very sick. The adder closely misses you. The adder barely misses you.
* * * LOW HITPOINT WARNING * * *
You feel sick.
* * * LOW HITPOINT WARNING * * *
You feel sick. The adder barely misses you.
You aren't carrying any potions.
As you read the scroll labelled BISAIT MODGH, it crumbles to dust.
You speak a Word of immense power!
It was a scroll of holy word.
* * * LOW HITPOINT WARNING * * *
You feel sick. The adder closely misses you.
As you read the scroll labelled OCSOOM PIOFEO, it crumbles to dust.
A profound silence engulfs you.
It was a scroll of silence.
* * * LOW HITPOINT WARNING * * *
You feel sick. The adder bites you.
You die...

#.# ##.....)......# #.#
#.##.##.#.###.# #)#
####........<## .## #.#
#.............## #.# #.##
#...รท...##.#...###.#### #..#
#.......#..#.#..#......
##.####.......#..............
#...>.#.......#..#.#........$
#..##.#.....@S##.#....#####[#
##...#.#.............#.#
#......##########.#.##.#
##...#.####### #......#
#...#.......# ###.####
#.....#####.## #.#
##....####...#####.#
#.................#
#....#........#####


You could see an adder.

Vanquished Creatures
  2 gnolls (D:2)
  An adder (D:2)
  6 dart slugs
  2 ball pythons
  4 endoplasms
  A giant cockroach (D:2)
  4 hobgoblins
  3 kobolds
  3 quokkas (D:1)
  3 bats
  2 frilled lizards (D:1)
  5 goblins
  A rat (D:1)
37 creatures vanquished.

Notes
Turn   | Place    | Note
-------+----------+-------------------------------------------
     0 | D:1      | BinkBink the Human Earth Elementalist began the quest for
                  | the Orb.
     0 | D:1      | Reached XP level 1. HP: 13/13 MP: 3/3
    22 | D:1      | Found a faded altar of an unknown god.
   127 | D:1      | Reached XP level 2. HP: 19/19 MP: 0/5
   584 | D:1      | You fall into a shaft and drop 1 floor!
   605 | D:2      | Reached XP level 3. HP: 24/24 MP: 4/6
   777 | D:1      | Reached skill level 4 in Earth Magic
  1133 | D:1      | Found Iqomor's Magic Scroll Boutique.
  1137 | D:1      | Bought a scroll of identify for 26 gold pieces
  1137 | D:1      | Bought a scroll of identify for 26 gold pieces
  1364 | D:2      | Reached XP level 4. HP: 30/30 MP: 4/8
  1638 | D:1      | Learned a level 3 spell: Stone Arrow
  2020 | D:2      | Slain by an adder

Illustrated notes

Levels and vault maps discovered:
D:1:      minmay_arrival_jagged, layout_loops_ring, serial_shops, shop,
          ebering_ecumenical_altar_sacrificial, minmay_tetromino_i2
D:2:      layout_loops_cross

Skill      XL: |  1  2  3  4 |
---------------+-------------+-----
Earth Magic    | 4 |  4.3
Spellcasting   | 3 |  3.0
Dodging        | |  2.0
Stealth        | |  2.0
Transmutations | |  1.0

Action                   |  1- 3 |  4- 6 || total
-------------------------+-------+-------++-------
Melee: Staff             |       |    34 ||    34
 Cast: Sandblast         |    45 |     7 ||    52
  Use: Scroll            |       |     2 ||     2
       Potion            |       |     2 ||     2
 Stab: Sleeping          |       |     1 ||     1
Armor: Robe              |     2 |     8 ||    10
Dodge: Dodged            |    13 |    26 ||    39

Table legend: (Time is in decaauts)
 A = Elapsed time spent in this place.
 B = Non-inter-level travel time spent in this place.
 C = Inter-level travel time spent in this place.
 D = Time resting spent in this place.
 E = Time spent auto-exploring this place.
 F = Levels seen in this place.
 G = Mean time per level.
                   A        B        C        D        E       F      G
               +--------+--------+--------+--------+--------+-----+--------+
         Total |   2027 |   1900 |    127 |      0 |   1469 |   2 | 1013.5 |
       Dungeon |   2027 |   1900 |    127 |      0 |   1469 |   2 | 1013.5 |
               +--------+--------+--------+--------+--------+-----+--------+

Top non-repeatable levels by time:
     D:1: 1485 daAuts
     D:2: 542 daAuts
